 Dungeon Crawl Stone Soup version 0.30-a0-331-g8ab09dc110 (webtiles) character file.

Game seed: 15716819365084484900

172 jfcaron the Poker (level 5, 0/43 HPs)
             Began as a Gnoll Reaver on Oct 30, 2022.
             Slain by an orc
             ... wielding a +1 mace of protection
              (1 damage)
             ... on level 2 of the Dungeon.
             The game lasted 00:03:28 (1493 turns).

jfcaron the Poker (Gnoll Reaver)                    Turns: 1493, Time: 00:03:28

Health: 0/43       AC:  3    Str: 12 (14) XL:     5   Next: 52%
Magic:  12/12      EV: 12    Int: 10 (12) God:
Gold:   65         SH:  0    Dex:  7 (10) Spells: 11/14 levels left

rFire   . . .      SeeInvis .    a - +0 spear
rCold   . . .      Faith    .    (no shield)
rNeg    . . .      Spirit   .    b - +0 leather armour
rPois   .          Reflect  .    (no helmet)
rElec   .          Harm     .    (no cloak)
rCorr   .          Rampage  .    (no gloves)
Will    .....                    (no boots)
Stlth   +.........               (no amulet)
HPRegen 0.27/turn                (no ring)
MPRegen 0.13/turn                (no ring)

@: mighty, brilliant, attractive
A: fangs 1, strong nose, distributed training
a: no special abilities


You were on level 2 of the Dungeon.
You visited 1 branch of the dungeon, and saw 2 of its levels.

You collected 137 gold pieces.
You spent 72 gold pieces at shops.

Inventory:

Hand Weapons
 a - a +0 spear (weapon)
 j - a +2 short sword of flaming
Missiles
 i - 15 stones
 l - a throwing net {!f}
Armour
 b - a +0 leather armour (worn)
Wands
 q - a wand of flame (17)
Scrolls
 e - a scroll of silence {unknown}
 g - a scroll of teleportation {unknown}
 n - 4 scrolls of identify {unknown}
 o - a scroll of enchant armour {unknown}
Potions
 d - 2 potions of might
 h - a potion of mutation {unknown}
 k - a potion of degeneration
 m - a potion of lignification
 p - a potion of ambrosia {unknown}


   Skills:
 + Level 4.8 Fighting
 + Level 1.6 Short Blades
 + Level 1.6 Long Blades
 + Level 1.6 Axes
 + Level 1.6 Maces & Flails
 + Level 6.7 Polearms
 + Level 1.6 Staves
 + Level 1.6 Ranged Weapons
 + Level 1.6 Throwing
 + Level 1.6 Armour
 + Level 4.8 Dodging
 + Level 1.6 Stealth
 + Level 1.6 Shields
 + Level 1.6 Unarmed Combat
 + Level 5.2 Spellcasting
 + Level 5.5 Conjurations
 + Level 1.2 Hexes
 + Level 1.2 Summonings
 + Level 1.2 Necromancy
 + Level 1.2 Translocations
 + Level 1.2 Transmutations
 + Level 1.2 Fire Magic
 + Level 1.2 Ice Magic
 + Level 1.2 Air Magic
 + Level 1.2 Earth Magic
 + Level 1.2 Poison Magic
 + Level 1.8 Invocations
 + Level 1.6 Evocations


You had 11 spell levels left.
You knew the following spells:

 Your Spells              Type           Power      Damage    Failure   Level
a - Kiss of Death         Conj/Necr      56%        2d9       7%          1
b - Momentum Strike       Conj/Tloc      28%        3d8       11%         2

Your spell library contained the following spells:

 Spells                   Type           Power      Damage    Failure   Level
 Hailstorm                Conj/Ice       14%        3d5       22%         3
 Inner Flame              Hex/Fire       7%         N/A       45%         3
 Flame Wave               Conj/Fire      14%        2d6       56%         4
 Sticky Flame             Conj/Fire      14%        2d4       56%         4


Dungeon Overview and Level Annotations

Branches:
Dungeon (2/15)

Altars:

Shops:
D:2 *


Innate Abilities, Weirdness & Mutations

You have very sharp teeth.
Your uncanny sense of smell can sniff out nearby items.
Your experience applies equally to all skills.


Message History

You hit the orc. You bite the orc, but do no damage.
The orc is heavily wounded.
Reach: a) +0 spear
Press: ? - help, Dir - move target, f - orc priest
Aim: an orc priest, wielding a +0 mace and wearing a +0 ring mail (moderately wounded, about 32% to evade your +0 spear)
The orc is in the way.
You hit the orc.
The orc is almost dead.
Unknown command.
Reach: a) +0 spear
Press: ? - help, Dir - move target, f/p - orc priest
Aim: an orc priest, wielding a +0 mace and wearing a +0 ring mail (moderately wounded, about 32% to evade your +0 spear)
The orc is in the way.
You puncture the orc!
You kill the orc!
Unknown command.
You puncture the orc priest!
You kill the orc priest!
You hit the orc.
The orc is heavily wounded.
The orc misses you.
You closely miss the orc.
The orc is heavily wounded.
The orc hits you with a +1 mace of protection!
* * * LOW HITPOINT WARNING * * *
Press: ? - help, v - describe, . - travel, g - get item
Here: an orc, wielding a +1 mace of protection and wearing a +0 leather armour (heavily wounded)
Items here: )) ? [[ †.
The floor, spattered with blood.
Unknown command.
It was a potion of attraction.
You feel attractive to monsters.
The orc hits you with a +1 mace of protection.
* * * LOW HITPOINT WARNING * * *
It was a potion of degeneration.
There was something very wrong with that liquid.
You feel weakened.
You feel dopey.
You feel clumsy. The orc misses you.
It was a potion of brilliance.
You feel clever all of a sudden.
The orc hits you with a +1 mace of protection.
You die...

..........†.#
#.........###..
#.........###.#
#..........##.. #
#.########.##.. ... #.#
##..... ....# #.#
##......
.....K####.######..##...
.....oo@..........####..
....######..###.........
. #.......<......
#.#.........#..
#####.#.#######.#..
#......†..#####)#..
#.........#........
#.........#........
#.........#........


You could see 2 orcs and a kobold.

Vanquished Creatures
  An orc priest (D:2)
  Natasha (thrice) (D:2)
  An adder (D:2)
  A worm (D:2)
  2 dart slugs (D:2)
  An orc (D:2)
  4 bats (D:1)
  5 endoplasms
  3 giant cockroaches
  5 goblins
  4 hobgoblins
  3 quokkas
  3 ball pythons (D:1)
  4 frilled lizards
  3 kobolds
  6 rats
49 creatures vanquished.

Notes
Turn   | Place    | Note
-------+----------+-------------------------------------------
     0 | D:1      | jfcaron the Gnoll Reaver began the quest for the Orb.
     0 | D:1      | Reached XP level 1. HP: 20/20 MP: 6/6
   195 | D:1      | Reached XP level 2. HP: 25/26 MP: 7/7
   435 | D:1      | Learned a level 2 spell: Momentum Strike
   565 | D:1      | Reached skill level 5 in Spellcasting
   565 | D:1      | Reached XP level 3. HP: 25/31 MP: 7/9
  1012 | D:2      | Found Busighent's General Store.
  1020 | D:2      | Bought a throwing net for 36 gold pieces
  1020 | D:2      | Bought a potion of lignification for 36 gold pieces
  1048 | D:2      | Reached skill level 1 in Invocations
  1152 | D:2      | Noticed Natasha
  1157 | D:2      | Reached skill level 1 in Short Blades
  1157 | D:2      | Reached skill level 1 in Long Blades
  1157 | D:2      | Reached skill level 1 in Axes
  1157 | D:2      | Reached skill level 1 in Maces & Flails
  1157 | D:2      | Reached skill level 1 in Staves
  1157 | D:2      | Reached skill level 1 in Ranged Weapons
  1157 | D:2      | Reached skill level 1 in Throwing
  1157 | D:2      | Reached skill level 1 in Armour
  1157 | D:2      | Reached skill level 1 in Stealth
  1157 | D:2      | Reached skill level 1 in Shields
  1157 | D:2      | Reached skill level 1 in Unarmed Combat
  1157 | D:2      | Reached skill level 1 in Evocations
  1165 | D:2      | Killed Natasha
  1166 | D:2      | Reached XP level 4. HP: 38/38 MP: 11/11
  1192 | D:2      | Reached skill level 1 in Hexes
  1192 | D:2      | Reached skill level 1 in Summonings
  1192 | D:2      | Reached skill level 1 in Necromancy
  1192 | D:2      | Reached skill level 1 in Translocations
  1192 | D:2      | Reached skill level 1 in Transmutations
  1192 | D:2      | Reached skill level 1 in Fire Magic
  1192 | D:2      | Reached skill level 1 in Ice Magic
  1192 | D:2      | Reached skill level 1 in Air Magic
  1192 | D:2      | Reached skill level 1 in Earth Magic
  1192 | D:2      | Reached skill level 1 in Poison Magic
  1254 | D:2      | Noticed Natasha
  1264 | D:2      | Killed Natasha
  1313 | D:2      | Noticed Natasha
  1320 | D:2      | Killed Natasha
  1321 | D:2      | Reached XP level 5. HP: 28/43 MP: 12/12
  1490 | D:2      | HP: 5/43 [orc/+1 mace of protection (7)]
  1491 | D:2      | HP: 1/43 [orc/+1 mace of protection (5)]
  1493 | D:2      | Slain by an orc

Illustrated notes

Levels and vault maps discovered:
D:1:      doesnt_arrival_eight_statues, layout_loops_corners
D:2:      layout_rooms, serial_shops, shop, uniq_natasha

Skill      XL: |  1  2  3  4 |
---------------+-------------+-----
Spellcasting   | 5 |  5.2
Invocations    | 1 |  1.8
Short Blades   | 1 |  1.6
Long Blades    | 1 |  1.6
Axes           | 1 |  1.6
Maces & Flails | 1 |  1.6
Staves         | 1 |  1.6
Ranged Weapons | 1 |  1.6
Throwing       | 1 |  1.6
Armour         | 1 |  1.6
Stealth        | 1 |  1.6
Shields        | 1 |  1.6
Unarmed Combat | 1 |  1.6
Evocations     | 1 |  1.6
Hexes          | 1 |  1.2
Summonings     | 1 |  1.2
Necromancy     | 1 |  1.2
Translocations | 1 |  1.2
Transmutations | 1 |  1.2
Fire Magic     | 1 |  1.2
Ice Magic      | 1 |  1.2
Air Magic      | 1 |  1.2
Earth Magic    | 1 |  1.2
Poison Magic   | 1 |  1.2
Fighting       | |  4.8
Polearms       | |  6.7
Dodging        | |  4.8
Conjurations   | |  5.5

Action                   |  1- 3 |  4- 6 || total
-------------------------+-------+-------++-------
Melee: Spear             |   137 |    55 ||   192
       Bite              |     9 |     5 ||    14
       Punch             |     1 |       ||     1
Throw: Throwing net      |     1 |       ||     1
  Use: Potion            |       |     4 ||     4
 Stab: Sleeping          |     1 |     1 ||     2
       Distracted        |       |     1 ||     1
Armor: Leather armour    |    19 |     6 ||    25
Dodge: Dodged            |    46 |    19 ||    65

Table legend: (Time is in decaauts)
 A = Elapsed time spent in this place.
 B = Non-inter-level travel time spent in this place.
 C = Inter-level travel time spent in this place.
 D = Time resting spent in this place.
 E = Time spent auto-exploring this place.
 F = Levels seen in this place.
 G = Mean time per level.
                   A        B        C        D        E       F      G
               +--------+--------+--------+--------+--------+-----+--------+
         Total |   1449 |   1394 |     55 |      0 |   1112 |   2 |  724.5 |
       Dungeon |   1449 |   1394 |     55 |      0 |   1112 |   2 |  724.5 |
               +--------+--------+--------+--------+--------+-----+--------+

Top non-repeatable levels by time:
     D:1: 1011 daAuts
     D:2: 438 daAuts
